 Dungeon Crawl Stone Soup version 0.31-a0-1338-gb567cfdca4 (webtiles) character file.

Game seed: 13982661461843126320

1106 Sabo the Chopper (level 8, -4/63 HPs)
             Began as a Demonspawn Monk on Dec 22, 2023.
             Was a Believer of Qazlal.
             Slain by a gnoll
             ... wielding a +3 halberd
             ... led by a gnoll bouda
              (12 damage)
             ... on level 5 of the Dungeon.
             The game lasted 00:25:57 (5453 turns).

Sabo the Chopper (Demonspawn Monk)                  Turns: 5453, Time: 00:25:57

Health: -4/63      AC:  7    Str: 13    XL:     8   Next: 11%
Magic:  8/8        EV: 12    Int: 10    God:    Qazlal [**....]
Gold:   272        SH:  2    Dex: 17    Spells: 7/7 levels left

rFire   . . .        k - +0 war axe
rCold   + . .        d - orb {light}
rNeg    . . .        w - +0 ring mail
rPois   .            (helmet restricted)
rElec   .            x - +0 cloak
rCorr   .            (no gloves)
SInv    .            (no boots)
Will    .....        (no amulet)
Stlth   +            y - ring of protection from cold
HPRegen 0.30/turn    (no ring)
MPRegen 0.11/turn

%: no passive effects
@: glowing
A: antennae 1, rugged brown scales 1, foul stench 2, powered by pain 1
a: Renounce Religion, Upheaval


You were on level 5 of the Dungeon.
You worshipped Qazlal.
Qazlal was pleased with you.
You visited 2 branches of the dungeon, and saw 6 of its levels.

You collected 273 gold pieces.
You spent 1 gold pieces at shops.

Inventory:

Hand Weapons
 k - a +0 war axe (weapon)
 o - a +0 scythe
 r - a -1 hand cannon
Missiles
 g - 5 boomerangs (quivered)
 n - a throwing net
Armour
 d - an orb of light (worn)
 m - a scarf of invisibility
 w - a +0 ring mail (worn)
 x - a +0 cloak (worn)
Jewellery
 b - a ring of ice
 p - a ring of fire
 y - a ring of protection from cold (left hand)
Talismans
 t - a flux talisman
 A - a beast talisman
Scrolls
 e - a scroll of teleportation
 j - a scroll of fog
 s - a scroll of immolation {unknown}
 v - a scroll of enchant armour {unknown}
Potions
 a - a potion of enlightenment {unknown}
 f - 2 potions of lignification {unknown}
 h - a potion of brilliance {unknown}
 i - 2 potions of invisibility {unknown}
 l - 3 potions of heal wounds {unknown}
 q - 3 potions of curing {unknown}
 u - a potion of haste {unknown}
 z - a potion of berserk rage {unknown}
 B - a potion of cancellation {unknown}


   Skills:
 + Level 5.1 Fighting
 + Level 6.8 Axes
 + Level 2.9 Armour
 + Level 4.1 Dodging
 + Level 1.2 Stealth


You had 7 spell levels left.
You didn't know any spells.
Your spell library contained the following spells:

 Spells                   Type           Power      Damage    Failure   Level
 Gell's Gravitas          Tloc           0%         N/A       93%         3
 Stone Arrow              Conj/Erth      0%         3d7       93%         3
 Teleport Other           Tloc           0%         N/A       93%         3
 Animate Armour           Summ/Erth      0%         N/A       100%        4
 Dispersal                Tloc           0%         N/A       100%        6
 Lehudib's Crystal Spear  Conj/Erth      0%         10d2      100%        8


Dungeon Overview and Level Annotations

Branches:
Dungeon (5/15)             Temple (1/1) D:4

Altars:
Ashenzari
Cheibriados
Dithmenos
Fedhas
Gozag
Hepliaklqana
Kikubaaqudgha
Makhleb
Nemelex Xobeh
Okawaru
Qazlal
Sif Muna
Uskayaw
Vehumet
Wu Jian
Xom
Yredelemnul

Shops:
D:4 *

Annotations:
D:5 Dowan


Innate Abilities, Weirdness & Mutations

You have a pair of small antennae on your head.
You are partially covered in rugged brown scales. (AC +1, +3% HP)
You sometimes emit foul miasma when damaged in melee.
You sometimes gain a little power by taking damage.


Message History

Dowan seems to find hidden reserves of power!
Dowan hits you with a +0 dagger. The gnoll barely misses you.
A gnoll comes into view. It is wielding a +0 spear.
You are confused.
You feel invigorated. Dowan gestures at you while chanting.
The shard of ice misses you.
The shard of ice hits the gnoll bouda!!
The gnoll bouda dies!
The gnoll hits you from afar with a +3 halberd.
The gnoll closely misses you. Dowan hits you but does no damage.
You hit Dowan.
Dowan is severely wounded.
Your attacks no longer feel as feeble.
Dowan hits you with a +0 dagger. The gnoll closely misses you.
The gnoll barely misses you.
A gnoll comes into view. It is wielding a +0 spear.
Dowan misses you.
The gnoll hits you from afar with a +3 halberd!
* * * LOW HITPOINT WARNING * * *
You bump into the rock wall.
Dowan mumbles some strange words.
Dowan blinks!
The gnoll hits you from afar with a +0 spear.
* * * LOW HITPOINT WARNING * * *
The gnoll hits you from afar with a +3 halberd.
* * * LOW HITPOINT WARNING * * *
You bump into the rock wall.
Dowan hits you with a +0 dagger.
* * * LOW HITPOINT WARNING * * *
The gnoll closely misses you. Dowan hits you with a +0 dagger.
* * * LOW HITPOINT WARNING * * *
The gnoll closely misses you.
You bump into the rock wall.
You feel less invigorated.
You feel less confused. Dowan hits you but does no damage.
The gnoll hits you but does no damage. The gnoll barely misses you.
The gnoll hits you from afar with a +0 spear!
* * * LOW HITPOINT WARNING * * *
The gnoll completely misses you. Dowan hits you but does no damage.
The gnoll hits you with a +3 halberd!
You die...

#
..#####.######
..# #.# ..#
#.# #.# #.#
#.# #.# #.#
#.# #.# #.#
#.#####.#
#..e@gg.#
#####g.## #..#
#..# #..#
.#########..#
g....e.$....#
...e...?...##
############


You could see Dowan (fast) and 3 gnolls.

Vanquished Creatures
  Sigmund (D:4)
  A water moccasin (D:3)
  Duvessa (D:5)
  A black bear (D:5)
  Blork the orc (D:5)
  3 scorpions
  3 hounds (D:5)
  3 iguanas
  5 gnolls
  7 adders
  A bombardier beetle (D:5)
  3 worms
  3 dart slugs
  4 orcs
  9 ball pythons
  10 bats
  7 endoplasms
  4 giant cockroaches
  8 goblins
  11 hobgoblins
  11 jackals
  7 quokkas
  6 frilled lizards
  12 kobolds
  3 rats
125 creatures vanquished.

Vanquished Creatures (others)
  A gnoll bouda (D:5)
1 creature vanquished.

Grand Total: 126 creatures vanquished

Notes
Turn   | Place    | Note
-------+----------+-------------------------------------------
     0 | D:1      | Sabo the Demonspawn Monk began the quest for the Orb.
     0 | D:1      | Reached XP level 1. HP: 18/18 MP: 1/1
    95 | D:1      | Gained mutation: You may rarely emit foul miasma when
                  | damaged in melee. [demonic ancestry]
    95 | D:1      | Reached XP level 2. HP: 20/24 MP: 2/2
   226 | D:1      | Reached skill level 3 in Axes
   537 | D:1      | Gained mutation: You sometimes emit foul miasma when
                  | damaged in melee. [demonic ancestry]
   537 | D:1      | Reached XP level 3. HP: 23/29 MP: 3/3
  1479 | D:2      | Reached XP level 4. HP: 36/36 MP: 4/4
  2349 | D:3      | Noticed a water moccasin
  2358 | D:3      | Killed a water moccasin
  2359 | D:3      | Reached skill level 4 in Axes
  2359 | D:3      | Gained mutation: You have a pair of small antennae on your
                  | head. [demonic ancestry]
  2359 | D:3      | Reached XP level 5. HP: 27/42 MP: 5/5
  2941 | D:3      | Found a basalt altar of Yredelemnul.
  2960 | D:3      | Found a hazy altar of Hepliaklqana.
  3414 | D:3      | Reached skill level 1 in Stealth
  3597 | D:4      | Gained mutation: You are partially covered in rugged brown
                  | scales. (AC +1, +3% HP) [demonic ancestry]
  3597 | D:4      | Reached XP level 6. HP: 42/49 MP: 6/6
  3819 | D:4      | Reached skill level 5 in Axes
  3849 | D:4      | Found a staircase to the Ecumenical Temple.
  3856 | D:4      | Noticed Sigmund
  3869 | D:4      | Killed Sigmund
  3870 | D:4      | Reached skill level 1 in Armour
  3870 | D:4      | Gained mutation: You sometimes gain a little power by
                  | taking damage. [demonic ancestry]
  3870 | D:4      | Reached XP level 7. HP: 47/56 MP: 7/7
  3913 | Temple   | Entered the Ecumenical Temple
  3952 | Temple   | Became a worshipper of Qazlal Stormbringer
  3952 | Temple   | Reached * piety under Qazlal
  3952 | Temple   | Reached ** piety under Qazlal
  3975 | D:4      | Found Juesh's Lightly-Used Armoury.
  4007 | D:4      | Bought a -1 hand cannon for 1 gold piece
  4318 | D:5      | Entered Level 5 of the Dungeon
  4318 | D:5      | Noticed Blork the orc
  4327 | D:5      | Killed Blork the orc
  4577 | D:5      | Reached skill level 6 in Axes
  5048 | D:5      | Reached skill level 5 in Fighting
  5301 | D:5      | Reached XP level 8. HP: 63/63 MP: 8/8
  5419 | D:5      | Noticed Dowan
  5420 | D:5      | Noticed Duvessa
  5447 | D:5      | Killed Duvessa
  5453 | D:5      | Slain by a gnoll

Illustrated notes

Levels and vault maps discovered:
D:1:      reono_arrival_mine, layout_basic, minmay_tetromino_l4
D:2:      minmay_thinvault, layout_basic,
          nicolae_concentric_dashed_squares_wild, minmay_tall_x
D:3:      layout_basic, jmf_multi_god_temple, wad_floor_pattern_untrapped,
          kennysheep_flooded_box
D:4:      layout_basic, minmay_temple_entry_mini_moons, minmay_shop_damaged,
          uniq_sigmund
D:5:      layout_loops_ring, uniq_blork_the_orc, uniq_duvessa
Temple:   nicolae_temple_no_exploring_needed

Skill      XL: |  1  2  3  4  5  6  7 |
---------------+----------------------+-----
Axes           | 3 4 5 6 |  6.8
Dodging        | 3 4 |  4.1
Fighting       | 4 5 |  5.1
Stealth        | 1 |  1.2
Armour         | 1 2 |  2.9

Action                     |  1- 3 |  4- 6 |  7- 9 || total
---------------------------+-------+-------+-------++-------
  Melee: Hand axe          |   102 |    78 |       ||   180
         War axe           |       |    71 |    74 ||   145
    Use: Scroll            |       |     6 |       ||     6
         Potion            |       |       |     1 ||     1
 Armour: Robe              |    41 |    46 |       ||    87
         Ring mail         |       |    46 |    80 ||   126
  Dodge: Dodged            |    71 |   116 |    60 ||   247

Table legend: (Time is in decaauts)
 A = Elapsed time spent in this place.
 B = Non-inter-level travel time spent in this place.
 C = Inter-level travel time spent in this place.
 D = Time resting spent in this place.
 E = Time spent auto-exploring this place.
 F = Levels seen in this place.
 G = Mean time per level.
                   A        B        C        D        E       F      G
               +--------+--------+--------+--------+--------+-----+--------+
         Total |   5507 |   5507 |      0 |   1339 |      0 |   6 |  917.8 |
       Dungeon |   5453 |   5453 |      0 |   1339 |      0 |   5 | 1090.6 |
        Temple |     54 |     54 |      0 |      0 |      0 |   1 |   54.0 |
               +--------+--------+--------+--------+--------+-----+--------+

Top non-repeatable levels by time:
     D:2: 1345 daAuts
     D:3: 1274 daAuts
     D:5: 1147 daAuts
     D:1: 980 daAuts
     D:4: 704 daAuts
  Temple: 54 daAuts
